 Dungeon Crawl Stone Soup version v3.01-hellcrawl-74-g7a863a7 (webtiles) character file.

41 HarryHood the Warrior (level 16, -5/108 HPs) *CASUAL*
             Began as a Gargoyle Gladiator on May 3, 2017.
             Was the Champion of Qazlal.
             Killed by divine providence
             ... invoked by Saint Roka
              (15 damage)
             ... on level 2 of the Orcish Mines.
             The game lasted 00:58:53 (13441 turns).

HarryHood the Warrior (Gargoyle Gladiator)         Turns: 13441, Time: 00:58:53

Health: -5/108     AC: 47 (50%)Str: 27  XL:     16   Next: 70%
Magic:  1/8        EV: 13    Int:  8    God:    Qazlal [******]
Gold:   2549       SH: 21    Dex: 16    Spells: 21/21 levels left

rFire    + . .     SeeInvis .   a - +7 morningstar (antimagic)
rCold    . . .     Faith    .   J - +2 shield {rF+}
rNeg     + . .     Spirit   .   D - +0 plate armour
rPois    ∞         Reflect  .   c - +2 helmet
rElec    +                      G - +1 cloak
rCorr    .                      g - +0 pair of fencer's gloves {+Riposte Dex+6}
MR       +....                  B - +1 pair of boots
Stlth    ..........             (no amulet)
Regen    0.3/turn               k - +3 ring of evasion
MPRegen  0.2/turn               l - +6 ring of protection

@: protected from physical damage, flying, repel missiles
A: big wings, negative energy resistance 1, electricity resistance, unbreathing,
petrification resistance, rot immunity, AC +11
a: Stop Flying, Upheaval, Elemental Force, Disaster Area, Renounce Religion


You were on level 2 of the Orcish Mines.
You worshipped Qazlal.
Qazlal was exalted by your worship.
You were not hungry.

You visited 2 branches of the dungeon, and saw 17 of its levels.
You also visited: Ossuary and Volcano.

You collected 2549 gold pieces.

Inventory:

Hand Weapons
 a - a +7 antimagic morningstar (weapon)
 b - a +0 hunting sling of freezing
Missiles
 f - 606 sling bullets
Armour
 c - a +2 helmet (worn)
 g - the +0 pair of fencer's gloves (worn) {+Riposte Dex+6}
   (You found it on level 12 of the Dungeon)

   It affects your dexterity (+6).
 u - a +1 plate armour of positive energy
 B - a +1 pair of boots (worn)
 D - a +0 plate armour (worn)
 G - a +1 cloak (worn)
 J - a +2 shield of fire resistance (worn)
Jewellery
 k - a +3 ring of evasion (left hand)
 l - a +6 ring of protection (right hand)
 q - an uncursed ring of ice
 w - an uncursed ring of magical power
 y - a +3 ring of dexterity
 z - an uncursed ring of resist corrosion
 E - a +3 ring of intelligence
 F - an uncursed ring of wizardry
Wands
 v - a wand of digging (7)
Scrolls
 d - 2 scrolls of blinking {@r7}
 h - 11 scrolls of teleportation {@r0}
 m - a scroll of magic mapping
 n - 7 scrolls of fog
 o - 5 scrolls of amnesia
 x - 3 scrolls of fear
 A - a scroll of holy word
Potions
 e - 3 potions of might
 i - 3 potions of brilliance
 j - 4 potions of curing {@q2}
 p - 2 potions of heal wounds {@q1}
 r - 3 potions of haste
 s - a potion of cancellation
 t - a potion of agility
 C - 2 potions of berserk rage
 H - a potion of beneficial mutation
 I - 2 potions of resistance


   Skills:
 - Level 15.0 Fighting
 - Level 15.0 Maces & Flails
 - Level 7.0(7.2) Slings
 - Level 1.7(4.7) Throwing
 - Level 15.0 Armour
 - Level 6.0 Dodging
 * Level 5.0 Shields
 - Level 3.1 Spellcasting
 - Level 12.0 Invocations


You had 21 spell levels left.
You didn't know any spells.

Dungeon Overview and Level Annotations

Branches:
Dungeon (15/15)             Slime (0/4) Orc:2           Orc (2/2) D:15
 Vaults (0/3) D:15         Depths (0/3) D:15
  Swamp: Orc:2       Shoals: Orc:2        Snake: Orc:2       Spider: Orc:2

Altars:
Cheibriados
Dithmenos
Elyvilon
Gozag
Hepliaklqana
Kikubaaqudgha
Makhleb
Nemelex Xobeh
Okawaru
Qazlal
Ru
Sif Muna
Trog
Uskayaw
Vehumet
Xom
Yredelemnul
Zin
The Shining One

Shops:
Orc:1 (

Annotations:
D:11 4 runed doors
Orc:2 exclusion: 3 oklob plants, Saint Roka


Innate Abilities, Weirdness & Mutations

You are resistant to torment.
Your stone body is resilient. (AC +11)
You are immune to poison.
Your large and strong wings let you fly indefinitely.
You resist negative energy. (rN+)
You are resistant to electric shocks. (rElec)
You can survive without breathing.
You are immune to petrification.
You are immune to rotting.


Message History

Qazlal accepts your kill.
You hear a shout!
Saint Roka roars a battlecry!
Nature churns violently around you!
The blast of ice hits the troll (42).
You kill the troll!
Qazlal accepts your kill.
The blast of ice hits the orc (32).
You kill the orc!
Qazlal accepts your kill.
The blast of ice hits the orc warrior (24).
You kill the orc warrior!
Qazlal accepts your kill.
The blast of magma engulfs Saint Roka (14).
Qazlal accepts your kill.
Your Shields skill increases to level 5!
You feel a bit more experienced.
The cutting wind hits Saint Roka (37).
Saint Roka mumbles some strange prayers to Beogh against you.
Beogh smites you (15)!
You die...

.............#^^. ##
..#...........## ..###..
.....###)).....###........
..#.###.)....###.#..§....
..###.............#.§#.##
.................#§§§...#
................§)§§§≈.##
......##.##..§§o§§)o§..##
..#..# ####...#@#oo......
..... ##.####o..##o.. ▒▒▒▒
### ##...# ..## .8o ....
''▒▒. ... ▒▒


You could see Saint Roka and an orc priest.

Vanquished Creatures
  Roxanne (D:14)
  A fire giant (D:15)
  A stone giant (Orc:2)
  Harold (Orc:1)
  5 hydras
  A vault guard (D:15)
  7 centaur warriors
  2 catoblepae
  8 two-headed ogres
  2 orc high priests (D:12)
  2 tengu warriors
  An ogre mage (D:14)
  3 skeletal warriors (D:14)
  An unseen horror (D:12)
  A sea snake (shapeshifter) (D:15)
  3 orc knights
  6 deep elf magi
  2 manticores
  2 ugly things
  An orc sorcerer (D:12)
  5 cyclopes
  2 torpor snails
  A black mamba (shapeshifter) (D:15)
  A gargoyle (D:12)
  3 spiny frogs
  2 rime drakes
  2 efreet
  A yaktaur (Volcano)
  A tengu conjurer (D:13)
  8 trolls
  6 meliai
  6 blink frogs
  6 slime creatures (D:12)
  A meliai zombie (D:9)
  Prince Ribbit (D:7)
  A black mamba zombie (D:11)
  A redback (Orc:2)
  2 wraiths
  2 vampires (D:14)
  5 wyverns
  3 angry ghosts
  2 centaur simulacra
  14 yaks (D:9)
  A fire elemental (D:12)
  6 wargs
  A steam dragon (D:11)
  A water moccasin (D:7)
  A hell hound (D:12)
  An acid dragon (D:11)
  39 orc warriors
  7 ice beasts
  4 spiny frog skeletons
  2 wasps
  2 black bears
  A phantom (D:5)
  8 ogres
  14 centaurs
  A blink frog skeleton (D:12)
  A rime drake zombie (D:8)
  A wyvern zombie (D:12)
  A rime drake skeleton (D:10)
  2 gnoll sergeants
  14 killer bees
  A troll zombie (D:7)
  4 crimson imps
  2 electric eels (D:7)
  4 human zombies (D:7)
  16 orc priests
  4 centaur zombies
  3 hounds
  5 jellies
  A bullfrog skeleton (D:6)
  3 centaur skeletons
  A human skeleton (D:7)
  24 orc wizards
  3 worker ants
  An iguana (D:3)
  A hound zombie (D:5)
  3 hound skeletons
  11 mummies
  14 gnolls
  6 adders
  4 shadow imps
  2 dart slugs
  84 orcs
  7 quokkas
  2 ball pythons
  3 bat zombies (D:5)
  4 giant cockroaches
  2 gnoll zombies (Ossuary)
  9 goblins
  16 hobgoblins
  6 jackals
  6 kobolds
  7 bats
  7 frilled lizards
  A hobgoblin zombie (Ossuary)
  3 kobold zombies (Ossuary)
  An orc skeleton (D:7)
  3 orc zombies
  A quokka skeleton (D:4)
  8 rats
  A rat zombie (D:5)
519 creatures vanquished.

Vanquished Creatures (others)
  An orc (Orc:2)
1 creature vanquished.

Grand Total: 520 creatures vanquished

Notes
Turn   | Place    | Note
-------+----------+-------------------------------------------
     0 | D:1      | HarryHood the Gargoyle Gladiator began the quest for the Orb.
     0 | D:1      | Reached XP level 1. HP: 12/12 MP: 1/1
    81 | D:1      | Reached skill level 3 in Fighting
    81 | D:1      | Reached XP level 2. HP: 15/19 MP: 2/2
   224 | D:1      | Reached XP level 3. HP: 20/24 MP: 3/3
   276 | D:1      | Reached skill level 4 in Fighting
   401 | D:1      | Reached XP level 4. HP: 30/30 MP: 4/4
  1002 | D:2      | Reached skill level 5 in Fighting
  1005 | D:2      | Found a snail-covered altar of Cheibriados.
  1122 | D:2      | Found an opulent altar of Gozag.
  1237 | D:2      | Found a radiant altar of Vehumet.
  1245 | D:2      | Found a sparkling altar of Nemelex Xobeh.
  1263 | D:2      | Reached XP level 5. HP: 35/35 MP: 5/5
  1414 | D:2      | Found a glowing golden altar of the Shining One.
  1437 | D:3      | Reached skill level 6 in Fighting
  1651 | D:3      | Reached XP level 6. HP: 40/41 MP: 6/6
  1715 | D:3      | Reached skill level 4 in Maces & Flails
  1846 | D:3      | Found a stormy altar of Qazlal.
  1915 | D:3      | Became a worshipper of Qazlal Stormbringer
  2004 | D:3      | Found a burning altar of Makhleb.
  2067 | D:3      | Reached skill level 5 in Maces & Flails
  2195 | D:4      | Reached skill level 6 in Maces & Flails
  2195 | D:4      | Reached XP level 7. HP: 33/46 MP: 7/7
  2433 | D:4      | Reached skill level 1 in Armour
  2441 | D:4      | Found an iron altar of Okawaru.
  2485 | D:4      | Reached skill level 2 in Armour
  2533 | D:4      | Found a glowing silver altar of Zin.
  2573 | D:4      | Found a sacrificial altar of Ru.
  2799 | D:4      | Found a bloodstained altar of Trog.
  3012 | D:4      | Reached skill level 3 in Armour
  3104 | D:5      | Entered Level 5 of the Dungeon
  3104 | D:5      | Found a white marble altar of Elyvilon.
  3127 | D:5      | Found a deep blue altar of Sif Muna.
  3161 | D:5      | Reached skill level 4 in Armour
  3212 | D:5      | Found a shadowy altar of Dithmenos.
  3254 | D:5      | Reached XP level 8. HP: 51/51 MP: 8/8
  3259 | D:5      | Reached * piety under Qazlal
  3259 | D:5      | Reached skill level 5 in Armour
  3434 | D:5      | Reached skill level 6 in Armour
  3434 | D:5      | Reached skill level 1 in Invocations
  3679 | D:5      | Reached skill level 2 in Invocations
  3711 | D:5      | Found an ancient bone altar of Kikubaaqudgha.
  3766 | D:5      | Reached skill level 1 in Slings
  3782 | D:5      | Reached skill level 3 in Invocations
  3961 | D:6      | Reached skill level 3 in Slings
  4035 | D:6      | Found a hide-covered altar of Uskayaw.
  4039 | D:6      | Reached skill level 4 in Slings
  4039 | D:6      | Reached XP level 9. HP: 55/55 MP: 11/11
  4161 | D:6      | Reached skill level 7 in Fighting
  4206 | D:6      | Got the +5 hand axe "Qety" {speed, +Fly rElec}
  4222 | D:6      | Reached skill level 8 in Fighting
  4754 | D:6      | Reached skill level 9 in Fighting
  4876 | D:7      | Reached skill level 7 in Maces & Flails
  4888 | D:7      | Found a sand-covered staircase.
  4892 | D:7      | Noticed Prince Ribbit
  4896 | Ossuary  | Entered an ossuary
  4910 | Ossuary  | Reached ** piety under Qazlal
  5237 | D:7      | Reached skill level 8 in Maces & Flails
  5237 | D:7      | Reached XP level 10. HP: 58/66 MP: 12/12
  5241 | D:7      | Killed Prince Ribbit
  5244 | D:7      | Reached skill level 9 in Maces & Flails
  5302 | D:7      | Reached skill level 7 in Armour
  5505 | D:7      | Found a shimmering altar of Xom.
  5591 | D:7      | Reached skill level 8 in Armour
  5623 | D:7      | Found a basalt altar of Yredelemnul.
  5734 | D:7      | Found a hazy altar of Hepliaklqana.
  5744 | D:7      | Reached skill level 9 in Armour
  5761 | D:7      | Reached skill level 1 in Shields
  5922 | D:8      | Reached skill level 2 in Shields
  5922 | D:8      | Reached skill level 4 in Invocations
  5922 | D:8      | Reached XP level 11. HP: 58/71 MP: 4/14
  5929 | D:8      | Found a stormy altar of Qazlal.
  5945 | D:8      | Reached skill level 5 in Slings
  5945 | D:8      | Reached skill level 3 in Shields
  5961 | D:8      | Reached skill level 5 in Invocations
  5970 | D:8      | Reached *** piety under Qazlal
  6004 | D:8      | Found a shadowy altar of Dithmenos.
  6058 | D:8      | Reached skill level 4 in Shields
  6351 | D:9      | Reached skill level 1 in Spellcasting
  6354 | D:9      | Reached skill level 6 in Invocations
  6358 | D:9      | Reached skill level 10 in Fighting
  6427 | D:9      | Reached skill level 2 in Spellcasting
  6463 | D:9      | Reached skill level 3 in Spellcasting
  6465 | D:9      | Reached skill level 11 in Fighting
  6919 | D:9      | Reached XP level 12. HP: 54/81 MP: 5/16
  6921 | D:9      | Reached skill level 12 in Fighting
  7366 | D:10     | Entered Level 10 of the Dungeon
  7393 | D:10     | Reached **** piety under Qazlal
  7438 | D:10     | Noticed a six-headed hydra
  7448 | D:10     | Killed a six-headed hydra
  7448 | D:10     | Reached skill level 10 in Maces & Flails
  8098 | D:11     | Reached skill level 11 in Maces & Flails
  8121 | D:11     | Noticed a two-headed ogre
  8133 | D:11     | Killed a two-headed ogre
  8152 | D:11     | Found a huge runed gate.
  8152 | D:11     | Found a huge runed gate.
  8152 | D:11     | Found a huge runed gate.
  8152 | D:11     | Found a huge runed gate.
  8152 | D:11     | Noticed a death yak
  8176 | D:11     | Reached skill level 12 in Maces & Flails
  8211 | D:11     | Reached skill level 10 in Armour
  8256 | D:11     | Noticed a two-headed ogre
  8264 | D:11     | Noticed a two-headed ogre
  8266 | D:11     | Killed a two-headed ogre
  8266 | D:11     | Reached skill level 11 in Armour
  8266 | D:11     | Reached XP level 13. HP: 35/86 MP: 1/17
  9024 | D:12     | Reached skill level 12 in Armour
  9059 | D:12     | Reached skill level 7 in Invocations
  9097 | D:12     | Reached skill level 8 in Invocations
  9122 | D:12     | Reached skill level 9 in Invocations
  9242 | D:12     | Reached skill level 13 in Fighting
  9291 | D:12     | Gained mutation: Your large and strong wings let you fly indefinitely. [Gargoyle growth]
  9291 | D:12     | Reached XP level 14. HP: 56/95 MP: 6/20
  9484 | D:12     | Reached skill level 14 in Fighting
  9516 | D:12     | Reached ***** piety under Qazlal
  9790 | D:13     | Reached skill level 13 in Maces & Flails
 10041 | D:13     | Reached skill level 14 in Maces & Flails
 10257 | D:13     | Reached skill level 13 in Armour
 10818 | D:14     | Reached skill level 14 in Armour
 10818 | D:14     | Reached XP level 15. HP: 85/100 MP: 6/22
 10836 | D:14     | Reached skill level 6 in Slings
 10862 | D:14     | Noticed Roxanne
 10889 | D:14     | Killed Roxanne
 10889 | D:14     | Reached skill level 3 in Dodging
 11028 | D:14     | Reached skill level 7 in Slings
 11057 | D:14     | Reached skill level 10 in Invocations
 11345 | D:14     | Reached skill level 4 in Dodging
 11681 | D:15     | Entered Level 15 of the Dungeon
 11755 | D:15     | Reached skill level 15 in Fighting
 11793 | D:15     | Reached skill level 5 in Dodging
 11806 | D:15     | Reached skill level 11 in Invocations
 11828 | D:15     | Reached XP level 16. HP: 85/108 MP: 8/24
 11901 | D:15     | Found a gate to the Vaults.
 11970 | D:15     | Found a staircase to the Depths.
 12057 | D:15     | Reached ****** piety under Qazlal
 12101 | D:15     | Found a staircase to the Orcish Mines.
 12348 | Orc:1    | Entered Level 1 of the Orcish Mines
 12378 | Orc:1    | Reached skill level 6 in Dodging
 12380 | Orc:1    | Reached skill level 15 in Maces & Flails
 12384 | Orc:1    | Noticed Harold
 12395 | Orc:1    | Killed Harold
 12538 | Orc:1    | Found a dark tunnel.
 12566 | Volcano  | Entered a volcano
 12805 | Orc:1    | Found Wypnul's Weapon Boutique.
 13055 | Orc:2    | Entered Level 2 of the Orcish Mines
 13159 | Orc:2    | Found a staircase to the Slime Pits.
 13322 | Orc:2    | Reached skill level 12 in Invocations
 13411 | Orc:2    | Reached skill level 15 in Armour
 13431 | Orc:2    | Noticed Saint Roka
 13439 | Orc:2    | HP: 10/108 [Saint Roka/divine providence (12)]
 13441 | Orc:2    | Reached skill level 5 in Shields
 13441 | Orc:2    | Killed from afar by Saint Roka

Skill      XL: |  1  2  3  4  5  6  7  8  9 10 11 12 13 14 15 16 |
---------------+-------------------------------------------------+-----
Fighting       | 3 4 5 6 9 11 12 13 14 15 | 15.0
Maces & Flails | 6 8 9 12 14 15 | 15.0
Armour         | 4 6 9 11 12 14 15 | 15.0
Invocations    | 3 4 6 9 11 12 | 12.0
Slings         | 4 5 7 |  7.0
Shields        | 2 4 5 |  5.0
Spellcasting   | 3 |  3.1
Dodging        | 5 6 |  6.0
Throwing       | |  1.7

Action                   |  1- 3 |  4- 6 |  7- 9 | 10-12 | 13-15 | 16-18 || total
-------------------------+-------+-------+-------+-------+-------+-------++-------
Melee: Flail             |    66 |   238 |   333 |   126 |       |       ||   763
       Morningstar       |       |       |       |   256 |   587 |   316 ||  1159
Invok: Upheaval          |       |       |       |     2 |       |       ||     2
       Disaster Area     |       |       |       |       |       |     2 ||     2
 Abil: Fly               |       |       |       |       |     1 |       ||     1
  Use: Scroll            |       |       |     4 |     5 |     4 |     2 ||    15
       Potion            |       |       |       |       |       |     2 ||     2
 Stab: Petrified         |       |       |       |       |     3 |       ||     3
Armor: Leather armour    |    30 |    63 |       |       |       |       ||    93
       Ring mail         |       |    38 |     2 |       |       |       ||    40
       Chain mail        |       |       |   235 |   206 |    91 |       ||   532
       Plate armour      |       |       |       |       |   202 |   106 ||   308
Dodge: Dodged            |    66 |   196 |   230 |   225 |   252 |    86 ||  1055
       Deflected         |       |       |       |     1 |    10 |     9 ||    20
Block: Other             |       |       |    16 |    24 |       |       ||    40
       Buckler           |       |       |       |    92 |   347 |    91 ||   530
       Shield            |       |       |       |       |       |   150 ||   150
